Map: Deathaura LE

Players

ViBE - Winner!

  • Race: Terran Terran
  • League: Gold
  • Spawn Location: 11:00

Luke

  • Race: Zerg Zerg
  • League: Gold
  • Spawn Location: 5:00

VOD

Have the link to the VOD?

Description

Time

  • Played on: March 26, 2021, 6:23 p.m.
  • Length: 12:31
Show
View Real Time Build Order
Export as new Build Order

ViBE Terran - Winner!

Build Orders:  

Get SALT Encoding   

  12  0:00  SCV  
  13  0:12  SCV  
  14  0:18  Supply Depot  
  14  0:25  SCV  
  15  0:39  SCV  
  16  0:43  Barracks  
  16  0:47  Refinery  
  16  0:51  SCV  
  17  1:03  SCV  
  18  1:16  SCV  
  19  1:30  Orbital Command  
  19  1:32  Marine  
  20  1:39  Command Center  
  20  1:51  Marine  
  20  1:53  Supply Depot  
  21  1:56  SCV  
  22  2:08  SCV  
  22  2:09  Factory  
  23  2:19  Barracks Reactor  
  23  2:20  SCV  
  24  2:32  SCV  
  25  2:44  SCV  
  26  2:52  Orbital Command  
  26  2:55  Factory Tech Lab, Barracks  
  26  2:56  Supply Depot  
  26  2:57  SCV  
  27  2:59  Marine x2  
  27  3:04  Refinery  
  29  3:09  SCV  
  30  3:19  Supply Depot  
  30  3:20  SCV  
  30  3:21  SCV  
  30  3:23  Siege Tank  
  30  3:24  Marine  
  30  3:26  Marine  
  37  3:32  SCV  
  37  3:33  SCV  
  39  3:44  SCV  
  39  3:45  SCV  
  39  3:47  Barracks Tech Lab  
  39  3:48  Starport, Marine x2  
  41  3:51  Supply Depot  
  43  3:56  SCV  
  43  3:57  SCV  
  45  4:03  Siege Tank  
  45  4:06  Marine x2  
  45  4:08  SCV  
  45  4:09  SCV  
  52  4:14  Supply Depot  
  52  4:21  SCV x2  
  52  4:24  Marine x3  
  54  4:26  Starport Reactor  
  54  4:28  Command Center  
  57  4:35  SCV  
  57  4:36  SCV  
  59  4:42  Marine x2  
  59  4:43  Marine  
  59  4:44  Siege Tank  
  65  4:47  SCV  
  65  4:48  SCV  
  67  4:56  Refinery  
  67  4:58  Refinery  
  67  4:59  SCV  
  68  5:00  SCV  
  68  5:02  Marine x3, Supply Depot x2  
  72  5:12  SCV x2, Stimpack  
  74  5:14  Medivac  
  76  5:25  Marine x3  
  79  5:29  SCV x2  
  81  5:35  Engineering Bay  
  81  5:37  Engineering Bay  
  81  5:38  Supply Depot  
  81  5:40  Supply Depot  
  81  5:41  SCV x2  
  83  5:43  Marine x3  
  87  5:50  Orbital Command  
  87  5:52  Medivac x2  
  87  5:53  SCV  
  91  6:01  SCV  
  91  6:03  Terran Infantry Armor Level 1, Terran Infantry Weapons Level 1  
  92  6:05  SCV  
  92  6:07  Orbital Command  
  92  6:11  Barracks  
  93  6:13  SCV  
  93  6:14  Barracks  
  94  6:20  SCV  
  94  6:22  Marine x3  
  94  6:24  Medivac x2  
  94  6:25  SCV  
  103  6:29  Armory  
  103  6:32  SCV  
  104  6:37  SCV  
  104  6:39  SCV  
  106  6:44  SCV  
  107  6:47  Marine x3  
  107  6:49  SCV  
  107  6:51  SCV  
  107  6:54  Orbital Command  
  107  6:57  SCV  
  107  7:00  Marine x2  
  95  7:01  SCV  
  95  7:05  Marine  
  90  7:09  SCV  
  90  7:11  Marine x2  
  90  7:13  SCV  
  94  7:18  Barracks Reactor x2  
  94  7:20  Medivac x2  
  94  7:21  SCV, Thor  
  105  7:24  Terran Vehicle Weapons Level 1  
  105  7:25  SCV  
  105  7:28  SCV  
  101  7:33  SCV  
  101  7:35  Marine  
  101  7:36  Marine x2, Command Center  
  103  7:38  SCV  
  103  7:40  SCV  
  105  7:45  SCV  
  105  7:47  Supply Depot  
  105  7:48  Barracks  
  105  7:50  SCV, Barracks  
  107  7:53  Marine  
  107  7:54  Barracks, Marine  
  109  7:58  SCV  
  109  7:59  SCV  
  109  8:02  SCV, Marine x4  
  109  8:03  Marine, Combat Shield  
  109  8:05  Thor  
  123  8:06  Medivac  
  123  8:08  Medivac  
  123  8:11  Refinery  
  123  8:12  Refinery, Supply Depot  
  127  8:19  Supply Depot  
  127  8:20  Supply Depot  
  127  8:22  Supply Depot  
  127  8:25  Terran Infantry Weapons Level 2  
  127  8:26  Marine x6  
  131  8:33  Marine  
  134  8:34  Supply Depot  
  134  8:36  Supply Depot  
  134  8:39  Barracks Reactor x2  
  127  8:42  Barracks Reactor  
  127  8:44  SCV x3, Marine x6  
  133  8:51  Marine  
  133  8:55  Command Center  
  134  9:01  Thor  
  134  9:02  Marine x6  
  146  9:18  Marine x7  
  146  9:20  Marine x6  
  146  9:23  Medivac  
  146  9:24  Medivac  
  163  9:25  SCV x2  
  163  9:29  Planetary Fortress  
  165  9:32  SCV  
  165  9:36  Marine x2  
  165  9:37  SCV  
  169  9:42  Marine x10  
  179  9:48  Terran Vehicle Weapons Level 2  
  179  9:50  Terran Infantry Armor Level 2  
  179  10:04  Marine x10  
  179  10:05  Marine x3  
  191  10:12  Command Center  
  191  10:13  SCV  
  191  10:14  SCV x2  
  187  10:15  SCV  
  187  10:27  Marine x13  
  191  10:32  Thor  
  197  10:38  Medivac  
  197  10:40  SCV  
  200  10:51  Planetary Fortress  
  200  11:03  Barracks x3  
  200  11:10  Factory  
  200  11:11  Starport, Barracks  
  200  11:16  Barracks  
  200  11:17  Barracks x2  
  200  11:21  Barracks  
  200  11:23  Barracks  
  200  11:24  Barracks  
  200  11:36  Marine x5  
  200  12:09  Barracks Tech Lab  
  200  12:10  Barracks Tech Lab  
  199  12:13  Barracks Tech Lab x2  
  199  12:14  Barracks Reactor x4, Command Center  
  199  12:15  Barracks Reactor x2  
  199  12:16  Factory Tech Lab, Starport Reactor  
Show
View Real Time Build Order
Export as new Build Order

Luke Zerg 

Build Orders: Hatch First 

Get SALT Encoding   

  12  0:00  Drone  
  13  0:12  Overlord  
  13  0:18  Drone  
  14  0:32  Drone x2  
  17  0:35  Drone  
  17  0:52  Hatchery  
  16  0:57  Drone  
  16  0:59  Drone  
  18  1:11  Extractor  
  18  1:15  Spawning Pool  
  18  1:17  Drone  
  17  1:20  Drone  
  18  1:28  Drone  
  19  1:59  Drone  
  20  2:02  Zergling x4  
  20  2:03  Queen  
  20  2:04  Queen  
  26  2:13  Metabolic Boost  
  26  2:18  Drone x2  
  26  2:20  Overlord  
  28  2:23  Overlord  
  28  2:40  Queen  
  30  2:51  Lair  
  30  2:52  Drone x5  
  35  3:15  Drone x9  
  44  3:20  Overlord  
  44  3:23  Overlord  
  44  3:33  Extractor  
  44  3:34  Extractor  
  42  3:39  Roach Warren  
  41  3:44  Evolution Chamber  
  41  3:47  Evolution Chamber  
  39  3:51  Drone x5  
  39  3:52  Drone x2  
  39  3:53  Drone  
  47  3:58  Drone x2  
  49  4:12  Drone  
  50  4:18  Glial Reconstitution  
  50  4:25  Extractor  
  49  4:33  Roach  
  49  4:35  Overlord x4  
  49  4:37  Hatchery  
  50  4:42  Drone  
  50  4:44  Drone  
  52  4:53  Drone  
  52  4:55  Drone  
  54  5:00  Roach x7  
  68  5:15  Roach x4  
  76  5:23  Zerg Missile Weapons Level 1  
  76  5:24  Zerg Ground Armor Level 1  
  76  5:31  Spire  
  77  5:42  Roach  
  77  5:43  Roach x3  
  77  5:45  Overlord x3  
  83  5:50  Overseer x2  
  83  5:51  Pneumatized Carapace  
  83  5:56  Ravager  
  84  6:08  Overseer  
  84  6:10  Ravager  
  85  6:12  Ravager  
  86  6:19  Zergling x6, Roach  
  86  6:20  Roach x2  
  86  6:21  Zergling x12  
  86  6:22  Zergling x2  
  102  6:27  Queen  
  102  6:32  Drone  
  105  6:41  Ravager x3  
  76  7:19  Zergling x20  
  76  7:20  Zergling x10, Zerg Missile Weapons Level 2  
  76  7:21  Zerg Ground Armor Level 2  
  91  7:32  Drone x2  
  93  7:38  Hatchery  
  93  7:42  Queen  
  94  7:54  Zerg Flyer Weapons Level 1  
  94  7:55  Spire  
  93  8:00  Baneling Nest  
  92  8:06  Ravager x2  
  92  8:09  Zergling x2  
  92  8:10  Roach x2  
  99  8:16  Overlord x4  
  67  9:00  Zergling x20  
  67  9:01  Zergling x4  
  79  9:07  Drone  
  79  9:08  Drone  
  79  9:09  Overseer  
  81  9:10  Overseer  
  81  9:29  Drone  
  81  9:30  Drone x13  
  95  9:37  Extractor  
  95  9:38  Extractor  
  93  9:40  Baneling x5  
  93  9:41  Baneling x4, Centrifical Hooks  
  93  9:45  Baneling x2  
  93  9:46  Baneling x4  
  93  9:50  Zerg Melee Weapons Level 1  
  93  10:00  Infestation Pit  
  88  10:07  Queen  
  80  10:17  Drone  
  80  10:18  Drone x15  
  91  10:37  Drone, Extractor  
  91  10:38  Drone x10  
  101  11:03  Queen  
  103  11:04  Hatchery  
  102  11:20  Hatchery, Mutalisk  
  102  11:21  Mutalisk x9  
  121  11:27  Overlord x2  
  121  11:29  Overseer x2  
  106  11:40  Zergling x12  
  93  11:57  Zergling x8  
  85  12:08  Baneling  
  85  12:09  Baneling x5  
  85  12:10  Baneling  
Tags
 
League
GoldGold
Matchup
TvZ
Player
ViBE
Replay Pack
Gold_League
Spawn Locations
Cross Positions
Add a new tag
Caveats
  • Supply blocks, unpowered buildings, or Contaminate may cause inaccurate times.
  • Supply counts are checked every 10 seconds.